 Seeded DCSS version 0.29-a0-25-g7f48f510a0 (webtiles) character file.

Game seed: 10000000000011 (custom seed)

239 knot the Chopper (level 5, -2/61 HPs)
             Began as a Demonspawn Berserker on Jan 31, 2022.
             Was a Believer of Trog.
             Killed from afar by Dowan (8 damage)
             ... with a puff of flame
             ... on level 4 of the Dungeon.
             The game lasted 00:02:42 (3207 turns).

knot the Chopper (Demonspawn Berserker)             Turns: 3207, Time: 00:02:44

Health: -2/61      AC:  2    Str: 18    XL:     5   Next: 79%
Magic:  5/5        EV: 12    Int: 10    God:    Trog [**....]
Gold:   126        SH:  5    Dex: 12    Spells: 4/4 levels left

rFire   . . .      SeeInvis .   a - +0 hand axe
rCold   . . .      Faith    .   (no shield)
rNeg    . . .      Spirit   .   b - +0 animal skin
rPois   .          Reflect  +   (no helmet)
rElec   .          Harm     .   (no cloak)
rCorr   .          Rampage  .   (no gloves)
Will    ++...                   (no boots)
Stlth   ..........              d - amulet of reflection
HPRegen 1.20/turn               (no ring)
MPRegen 0.18/turn               (no ring)

@: berserking, strong-willed, regenerating, very quick
A: magic regeneration, demonic touch 1
a: Renounce Religion, Berserk, Trog's Hand


You were on level 4 of the Dungeon.
You worshipped Trog.
Trog was pleased with you.
You visited 2 branches of the dungeon, and saw 5 of its levels.

You collected 126 gold pieces.

Inventory:

Hand Weapons
 a - a +0 hand axe (weapon)
Missiles
 f - 71 stones (quivered)
 i - 2 poisoned darts
 j - 4 boomerangs
Armour
 b - a +0 animal skin (worn)
Jewellery
 d - an amulet of reflection (around neck)
Wands
 p - a wand of polymorph (7)
Scrolls
 c - a scroll of amnesia {unknown}
 k - 2 scrolls of identify {unknown}
 l - a scroll of fog {unknown}
 o - 2 scrolls of blinking {unknown}
Potions
 e - a potion of curing {unknown}
 g - a potion of lignification {unknown}
 h - a potion of might {unknown}
 m - a potion of magic {unknown}
 n - a potion of heal wounds {unknown}


   Skills:
 - Level 3.0 Fighting
 + Level 6.0 Axes
 - Level 1.7 Armour
 - Level 1.7 Dodging


You had 4 spell levels left.
You didn't know any spells.
Your spell library contained the following spells:

 Spells                   Type           Power      Damage    Failure   Level
 Corpse Rot               Necr/Air       0%         N/A       50%         2
 Ensorcelled Hibernation  Hex/Ice        0%         N/A       50%         2
 Passwall                 Tmut/Erth      0%         N/A       50%         2
 Poisonous Vapours        Pois/Air       0%         N/A       50%         2
 Swiftness                Air            0%         N/A       75%         3


Dungeon Overview and Level Annotations

Branches:
Dungeon (4/15)             Temple (1/1) D:4

Altars:
Qazlal

Shops:
D:3 [

Annotations:
D:4 Dowan


Innate Abilities, Weirdness & Mutations

You regenerate magic rapidly.
Your touch may inflict minor irresistible damage on your foes.


Message History

You miss Duvessa. Your touch misses Duvessa.
Duvessa is moderately wounded.
You block Duvessa's attack.
You completely miss Duvessa.
Duvessa is moderately wounded.
You block Duvessa's attack.
You hit Duvessa.
Duvessa is heavily wounded.
Duvessa bites you.
You barely miss Duvessa.
Duvessa is heavily wounded.
Duvessa barely misses you.
You barely miss Duvessa.
Duvessa is heavily wounded.
You block Duvessa's attack.
You hit Duvessa but do no damage.
You touch Duvessa.
Duvessa is severely wounded.
Duvessa bites you!
* * * LOW HITPOINT WARNING * * *
Duvessa barely misses you.
Dowan casts a spell.
Dowan blinks!
You miss Duvessa.
Duvessa is severely wounded.
Duvessa bites you.
* * * LOW HITPOINT WARNING * * *
You slash Duvessa! Your touch misses Duvessa.
Duvessa is almost dead.
Duvessa bites you.
* * * LOW HITPOINT WARNING * * *
Dowan zaps a wand.
The puff of flame hits you!
* * * LOW HITPOINT WARNING * * *
You slash Duvessa!
You feel the power of Trog in you as your rage grows.
You kill Duvessa!
Trog accepts your kill.
Dowan seems overcome with grief.
Dowan seems to find hidden reserves of power!
Dowan zaps a wand.
The puff of flame hits you!
You die...

.##.... ..S .## # #.#
##.. ..## #.# #... #..##
#.# ##..# ##..# #.# #.)#
S ##.# ###.### #.###...
#.## # ###+### #..ee...
#..##
#e####⌠)⌠####.####$.
##..# #..@S'Z>.'....#
##.# #.####⌠.⌠###### #.#
# ###'### ## #.## ###.###
.####..## #.#
...###..####### #.#
##............######.#
######..####.....#..#.###
##.# ##.##...........


You could see Dowan (fast), an adder and a centaur skeleton.

Vanquished Creatures
  A wolf (D:4)
  An ogre (D:3)
  A scorpion (D:4)
  4 adders
  6 endoplasms
  A giant cockroach (D:1)
  4 goblins
  4 hobgoblins
  14 jackals
  A quokka (D:4)
  2 ball pythons
  7 bats
  5 frilled lizards
  3 kobolds
  5 rats
59 creatures vanquished.

Notes
Turn   | Place    | Note
-------+----------+-------------------------------------------
     0 | D:1      | knot the Demonspawn Berserker began the quest for the Orb.
     0 | D:1      | Reached XP level 1. HP: 18/18 MP: 1/1
   156 | D:1      | Reached skill level 3 in Axes
   223 | D:1      | Gained mutation: You regenerate magic rapidly. [demonic
                  | ancestry]
   223 | D:1      | Reached XP level 2. HP: 19/24 MP: 2/2
   496 | D:1      | Reached ** piety under Trog
  1044 | D:2      | Gained mutation: Your touch may inflict minor irresistible
                  | damage on your foes. [demonic ancestry]
  1044 | D:2      | Reached XP level 3. HP: 28/29 MP: 3/3
  1119 | D:2      | Reached skill level 4 in Axes
  1264 | D:2      | You fall into a shaft and drop 2 floors!
  1272 | D:4      | Noticed a scorpion
  1290 | D:4      | Killed a scorpion
  1291 | D:4      | Reached XP level 4. HP: 12/35 MP: 4/4
  1467 | D:4      | Reached skill level 5 in Axes
  1572 | D:3      | Found Daocsar's Antique Armour Emporium.
  1597 | D:3      | Noticed an ogre
  1604 | D:3      | Killed an ogre
  1605 | D:3      | Reached XP level 5. HP: 41/41 MP: 5/5
  2206 | D:2      | Reached skill level 6 in Axes
  2901 | D:4      | Found a staircase to the Ecumenical Temple.
  2916 | D:4      | Noticed Dowan
  2918 | D:4      | Noticed Duvessa
  2929 | Temple   | Entered the Ecumenical Temple
  3189 | D:4      | Noticed Duvessa
  3189 | D:4      | Duvessa changed into Duvessa the wolf
  3207 | D:4      | Killed Duvessa the wolf
  3207 | D:4      | Killed from afar by Dowan

Illustrated notes

Levels and vault maps discovered:
D:1:      lordsloth_arrival_two_stooges, layout_basic, grunt_decor_fettered,
          minmay_misc_feat_diagonals, nicolae_concentric_dashed_squares_wild
D:2:      layout_rooms, hangedman_decor_clover_reticule
D:3:      layout_basic, serial_shops, shop, kennysheep_path_1
D:4:      layout_rooms, temple_doors_e, uniq_duvessa, uniq_ijyb
Temple:   dshaligram_water_room_temple

Skill      XL: |  1  2  3  4  5 |
---------------+----------------+-----
Axes           | 3 4 5 6 |  6.0
Fighting       | |  3.0
Armour         | |  1.7
Dodging        | |  1.7

Action                   |  1- 3 |  4- 6 || total
-------------------------+-------+-------++-------
Melee: Hand axe          |    95 |    81 ||   176
       Touch             |     2 |     8 ||    10
       Punch             |       |     1 ||     1
Invok: Berserk           |     2 |     3 ||     5
       Trog's Hand       |       |     2 ||     2
Evoke: Wand              |       |     1 ||     1
Armor: Animal skin       |    19 |     8 ||    27
Dodge: Dodged            |    70 |    49 ||   119
Block: Other             |    22 |    21 ||    43
       Reflection        |       |     2 ||     2

Table legend: (Time is in decaauts)
 A = Elapsed time spent in this place.
 B = Non-inter-level travel time spent in this place.
 C = Inter-level travel time spent in this place.
 D = Time resting spent in this place.
 E = Time spent auto-exploring this place.
 F = Levels seen in this place.
 G = Mean time per level.
                   A        B        C        D        E       F      G
               +--------+--------+--------+--------+--------+-----+--------+
         Total |   3262 |   3206 |     56 |    975 |   1789 |   5 |  652.4 |
       Dungeon |   3003 |   2947 |     56 |    718 |   1789 |   4 |  750.8 |
        Temple |    258 |    258 |      0 |    257 |      0 |   1 |  258.0 |
               +--------+--------+--------+--------+--------+-----+--------+

Top non-repeatable levels by time:
     D:1: 1054 daAuts
     D:2: 970 daAuts
     D:3: 630 daAuts
     D:4: 348 daAuts
  Temple: 258 daAuts
